 Dungeon Crawl Stone Soup version 0.30-a0-778-g2ef04afb54 (webtiles) character file.

Game seed: 8319898325183767495

1086 Smoke131 the Thrower (level 8, 0/75 HPs)
             Began as an Ogre Gladiator on Feb 16, 2023.
             Slain by a gnoll sergeant
             ... wielding a +2 trident of flaming
              (3 damage)
             ... on level 6 of the Dungeon.
             The game lasted 00:11:47 (4400 turns).

Smoke131 the Thrower (Ogre Gladiator)               Turns: 4400, Time: 00:11:47

Health: 0/75       AC:  3    Str: 19    XL:     8   Next: 30%
Magic:  8/8        EV: 10    Int:  9    God:
Gold:   171        SH:  0    Dex: 12    Spells: 7/7 levels left

rFire   . . .      SeeInvis .    g - +2 broad axe (elec)
rCold   . . .      Faith    .    (no shield)
rNeg    . . .      Spirit   .    b - +0 robe
rPois   .          Reflect  .    c - +0 hat
rElec   .          Harm     .    (no cloak)
rCorr   .          Rampage  .    (gloves unavailable)
Will    .....                    (boots unavailable)
Stlth   +                        (no amulet)
HPRegen 0.32/turn                (no ring)
MPRegen 0.11/turn                (no ring)

@: no status effects
A: large, unfitting armour, tough skin 1
a: no special abilities


You were on level 6 of the Dungeon.
You visited 1 branch of the dungeon, and saw 6 of its levels.

You collected 231 gold pieces.
You spent 60 gold pieces at shops.

Inventory:

Hand Weapons
 g - a +2 broad axe of electrocution (weapon)
Missiles
 a - 10 poisoned darts
 d - 3 throwing nets
 e - a large rock
 h - 2 boomerangs
 p - 54 stones (quivered)
 q - 3 curare-tipped darts
 v - 6 silver javelins
Armour
 b - a +0 robe (worn)
 c - a +0 hat (worn)
Scrolls
 j - 4 scrolls of teleportation
 t - 3 scrolls of identify
 u - a scroll of enchant weapon {unknown}
Potions
 f - 4 potions of ambrosia {unknown}
 i - 5 potions of might
 k - a potion of berserk rage {unknown}
 l - a potion of heal wounds {unknown}
 m - a potion of resistance {unknown}
 n - a potion of cancellation {unknown}
 o - 2 potions of mutation {unknown}
 r - 3 potions of curing
 s - a potion of brilliance {unknown}


   Skills:
 - Level 3.0 Fighting
 - Level 3.0 Axes
 + Level 9.6 Throwing
 - Level 3.0 Dodging


You had 7 spell levels left.
You didn't know any spells.
Your spell library contained the following spells:

 Spells                   Type           Power      Damage    Failure   Level
 Freeze                   Ice            0%         1d3       38%         1
 Shock                    Conj/Air       0%         1d3       38%         1
 Cigotuvi's Dreadful Rot  Necr/Pois/Air  0%         N/A       52%         2
 Poisonous Vapours        Pois/Air       0%         N/A       52%         2
 Frozen Ramparts          Ice            0%         1d1       77%         3
 Gell's Gravitas          Tloc           0%         N/A       77%         3
 Hailstorm                Conj/Ice       0%         3d3       77%         3
 Mephitic Cloud           Conj/Pois/Air  0%         N/A       77%         3
 Ozocubu's Armour         Ice            0%         N/A       77%         3
 Swiftness                Air            0%         N/A       77%         3
 Teleport Other           Tloc           0%         N/A       77%         3
 Airstrike                Air            0%         2d(0-16)  99%         4
 Dispel Undead            Necr           0%         3d6       99%         4
 Manifold Assault         Tloc           0%         N/A       99%         4
 Freezing Cloud           Conj/Ice/Air   0%         6-21      100%        5
 Iskenderun's Battlesphe  Conj           0%         2d6       100%        5
 Metabolic Englaciation   Hex/Ice        0%         N/A       100%        5
 Death Channel            Necr           0%         N/A       100%        6
 Dispersal                Tloc           0%         N/A       100%        6
 Iron Shot                Conj/Erth      0%         9d1       100%        6
 Simulacrum               Ice/Necr       0%         N/A       100%        6
 Spellforged Servitor     Conj/Summ      0%         N/A       100%        7
 Disjunction              Tloc           0%         N/A       100%        8
 Polar Vortex             Ice            0%         N/A       100%        9


Dungeon Overview and Level Annotations

Branches:
Dungeon (6/15)             Temple (0/1) D:4

Altars:
Cheibriados
Makhleb

Shops:
D:3 !   D:4 =


Innate Abilities, Weirdness & Mutations

You are too large for most types of armour.
You have tough skin. (AC +1)


Message History

The stone hits the gnoll sergeant but does no damage.
Throw: 55 stones
Press: ? - help, Q - select action, (/) - cycle Shift-Dir - straight line, f/p - gnoll sergeant
Aim: a gnoll sergeant, wielding a +2 trident of flaming, wearing a +0 ring mail and wearing a +0 kite shield (73% to hit)
You throw a stone.
The stone hits the gnoll sergeant but does no damage.
The gnoll sergeant completely misses you.
The gnoll sergeant blocks your attack.
You hit the gnoll sergeant.
The gnoll sergeant is lightly wounded.
The gnoll sergeant completely misses you.
You slash the gnoll sergeant!
The gnoll sergeant is severely wounded.
The gnoll sergeant hits you with a +2 trident of flaming!
The gnoll sergeant burns you.
The gnoll sergeant hits you with a +2 trident of flaming!
The gnoll sergeant burns you.
You hit the gnoll sergeant but do no damage.
The gnoll sergeant is heavily wounded.
The gnoll sergeant hits you with a +2 trident of flaming.
The gnoll sergeant burns you. The gnoll sergeant blocks your attack.
The gnoll sergeant is heavily wounded.
The gnoll sergeant closely misses you. The gnoll sergeant misses you.
The gnoll sergeant blocks your attack.
The gnoll sergeant is heavily wounded.
The gnoll sergeant completely misses you.
You hit the gnoll sergeant.
The gnoll sergeant is severely wounded.
The gnoll sergeant barely misses you.
The gnoll sergeant hits you with a +2 trident of flaming!
* * * LOW HITPOINT WARNING * * *
The gnoll sergeant burns you.
* * * LOW HITPOINT WARNING * * *
You slash the gnoll sergeant!
The gnoll sergeant is almost dead.
The gnoll sergeant hits you with a +2 trident of flaming!
* * * LOW HITPOINT WARNING * * *
The gnoll sergeant burns you.
You die...

...........##.#####......
...............# ......
..###....##.#.....##.....
. ##...#..####### ###.#
...###...##..### .# ...#
##.........#. ...
#..##........ ..
#........##.. #@g#..##.#
#.##### ... #.# .... #.#
... ... ... ..... .<.....
......... #..........


You could see a gnoll sergeant.

Vanquished Creatures
  Menkaure (D:6)
  A water moccasin (D:5)
  An orc warrior (D:3)
  A black bear (D:4)
  An ice beast (D:6)
  A phantom (D:4)
  2 scorpions (D:4)
  5 hounds
  2 orc priests (D:4)
  Terence (D:3)
  5 adders
  A shadow imp (D:5)
  A white imp (D:5)
  3 worms
  2 dart slugs
  10 orcs
  7 ball pythons
  3 bats
  5 endoplasms
  5 giant cockroaches
  11 goblins
  5 hobgoblins
  8 jackals (D:1)
  A quokka (D:4)
  3 frilled lizards
  6 kobolds
  3 rats
95 creatures vanquished.

Notes
Turn   | Place    | Note
-------+----------+-------------------------------------------
     0 | D:1      | Smoke131 the Ogre Gladiator began the quest for the Orb.
     0 | D:1      | Reached XP level 1. HP: 22/22 MP: 1/1
    27 | D:1      | Reached XP level 2. HP: 30/31 MP: 2/2
   402 | D:1      | Reached skill level 3 in Throwing
   402 | D:1      | Reached XP level 3. HP: 37/37 MP: 3/3
  1095 | D:2      | Reached XP level 4. HP: 45/45 MP: 4/4
  1326 | D:3      | Identified a scroll of acquirement
  1326 | D:3      | Acquired a +2 broad axe of electrocution
  1372 | D:3      | Reached skill level 4 in Throwing
  1399 | D:3      | Found Fuutty's Distillery.
  1407 | D:3      | Bought a potion of attraction for 30 gold pieces
  1407 | D:3      | Bought a potion of lignification for 30 gold pieces
  1868 | D:3      | Noticed Terence
  1877 | D:3      | Killed Terence
  1945 | D:4      | Reached XP level 5. HP: 53/53 MP: 5/5
  1979 | D:4      | Noticed a phantom
  1990 | D:4      | Killed a phantom
  1991 | D:4      | Reached skill level 5 in Throwing
  2087 | D:4      | Reached XP level 6. HP: 54/61 MP: 6/6
  2120 | D:4      | Found a burning altar of Makhleb.
  2137 | D:4      | Noticed a cacodemon
  2140 | D:4      | Noticed a hellwing
  2140 | D:4      | Noticed a ynoxinul
  2196 | D:4      | Reached skill level 6 in Throwing
  2212 | D:4      | Found a staircase to the Ecumenical Temple.
  2233 | D:4      | Found Piusuuqo's Jewellery Emporium.
  2281 | D:4      | Noticed an orc warrior
  2392 | D:3      | Killed an orc warrior
  2393 | D:3      | Reached skill level 7 in Throwing
  2393 | D:3      | Reached XP level 7. HP: 31/67 MP: 7/7
  3015 | D:5      | Entered Level 5 of the Dungeon
  3398 | D:5      | Found a snail-covered altar of Cheibriados.
  3481 | D:5      | Reached skill level 8 in Throwing
  3866 | D:5      | Reached XP level 8. HP: 73/75 MP: 8/8
  4322 | D:6      | Noticed Menkaure
  4323 | D:6      | Killed Menkaure
  4324 | D:6      | Reached skill level 9 in Throwing
  4400 | D:6      | HP: 3/75 [gnoll sergeant/+2 trident of flaming (15)]
  4400 | D:6      | Slain by a gnoll sergeant

Illustrated notes

Levels and vault maps discovered:
D:1:      dpeg_arrival_tiny_f, layout_basic
D:2:      layout_rooms
D:3:      layout_basic, serial_shops, shop, grunt_decor_one_mirror, uniq_terence
D:4:      layout_gridville, makhleb_altar_promises_db,
          minmay_temple_entry_from_below_a, serial_shops, shop
D:5:      layout_basic, kennysheep_slug_shrine
D:6:      layout_cave_pools, regret_index_temple_of_mockery,
          minmay_a_box_with_orc_wizards_in_it, uniq_grinder, uniq_menkaure

Skill      XL: |  1  2  3  4  5  6  7  8 |
---------------+-------------------------+-----
Fighting       | 3 |  3.0
Dodging        | 3 |  3.0
Throwing       | 3 4 5 7 8 9 |  9.6
Axes           | |  3.0

Action                     |  1- 3 |  4- 6 |  7- 9 || total
---------------------------+-------+-------+-------++-------
  Melee: War axe           |    32 |       |       ||    32
         Dagger            |    66 |    12 |       ||    78
         Punch             |     1 |     1 |       ||     2
         Broad axe         |       |    66 |    77 ||   143
  Throw: Dart              |       |    10 |     4 ||    14
         Large rock        |       |       |     2 ||     2
         Boomerang         |       |       |     1 ||     1
         Stone             |       |       |    10 ||    10
    Use: Scroll            |       |    12 |     1 ||    13
         Potion            |       |     1 |       ||     1
   Stab: Sleeping          |     1 |     2 |     1 ||     4
 Armour: Robe              |    21 |    13 |    23 ||    57
  Dodge: Dodged            |    63 |    41 |    45 ||   149

Table legend: (Time is in decaauts)
 A = Elapsed time spent in this place.
 B = Non-inter-level travel time spent in this place.
 C = Inter-level travel time spent in this place.
 D = Time resting spent in this place.
 E = Time spent auto-exploring this place.
 F = Levels seen in this place.
 G = Mean time per level.
                   A        B        C        D        E       F      G
               +--------+--------+--------+--------+--------+-----+--------+
         Total |   4469 |   4363 |    106 |    698 |   2588 |   6 |  744.8 |
       Dungeon |   4469 |   4363 |    106 |    698 |   2588 |   6 |  744.8 |
               +--------+--------+--------+--------+--------+-----+--------+

Top non-repeatable levels by time:
     D:5: 1313 daAuts
     D:4: 992 daAuts
     D:3: 746 daAuts
     D:1: 690 daAuts
     D:2: 636 daAuts
     D:6: 90 daAuts
